Map: Lightshade LE

Players

A.I. 1 (Elite)

  • Race: Protoss Protoss

Profesora - Winner!

  • Race: Terran Terran

VOD

Have the link to the VOD?

Description

Time

  • Played on: July 8, 2021, noon
  • Length: 7:35
Show
View Real Time Build Order
Export as new Build Order

A.I. 1 (Elite) Protoss 

Build Orders: 1 Gate Expand, Zealot Archon 

Get SALT Encoding   

  12  0:00  Probe  
  13  0:13  Probe  
  14  0:19  Pylon  
  14  0:25  Probe  
  15  0:33  Probe  
  15  0:41  Probe  
  17  0:50  Gateway  
  17  0:51  Probe  
  18  0:59  Probe  
  19  1:07  Probe  
  19  1:11  Assimilator  
  19  1:15  Pylon  
  20  1:29  Nexus  
  20  1:43  Cybernetics Core  
  20  1:44  Probe  
  21  1:47  Zealot  
  23  2:03  Gateway  
  23  2:05  Probe  
  24  2:15  Pylon  
  24  2:17  Probe  
  24  2:18  Warp Gate  
  24  2:19  Zealot  
  27  2:29  Probe  
  28  2:37  Assimilator  
  28  2:41  Probe x2  
  30  2:47  Adept  
  30  2:50  Adept  
  32  2:57  Probe  
  35  3:03  Pylon  
  36  3:05  Probe  
  36  3:15  Sentry  
  36  3:16  Probe  
  36  3:17  Adept  
  39  3:26  Probe, Gateway  
  42  3:28  Probe  
  42  3:32  Adept  
  43  3:38  Probe  
  43  3:41  Probe  
  45  3:46  Adept  
  49  3:50  Probe  
  49  3:53  Probe  
  51  4:01  Adept  
  53  4:03  Probe  
  53  4:05  Probe  
  55  4:13  Pylon  
  55  4:15  Probe  
  56  4:17  Probe  
  56  4:20  Adept  
  56  4:21  Pylon, Stalker  
  61  4:27  Probe  
  63  4:31  Probe  
  63  4:38  Stalker  
  65  4:39  Stalker, Probe  
  65  4:43  Probe, Twilight Council  
  69  4:50  Pylon  
  69  4:51  Stalker, Probe  
  72  4:55  Probe  
  72  4:57  Stalker  
  75  5:03  Probe  
  76  5:07  Probe  
  76  5:10  Pylon  
  76  5:12  Probe  
  77  5:17  Assimilator  
  78  5:22  Templar Archives  
  78  5:23  Assimilator  
  78  5:28  Zealot  
  80  5:30  Pylon  
  80  5:40  Probe  
  81  5:44  Zealot x2  
  81  5:46  Probe  
  86  5:52  Probe  
  86  5:55  Nexus, Forge  
  87  5:58  Probe, High Templar  
  87  6:00  Pylon, High Templar  
  92  6:04  Stalker  
  94  6:17  Archon  
  94  6:21  Forge  
  94  6:25  Pylon  
  94  6:26  High Templar  
  94  6:27  Stalker  
  94  6:29  Sentry  
  100  6:46  High Templar  
  102  6:48  Pylon  
  102  6:50  Gateway  
  102  6:51  Stalker  
  104  6:58  Zealot  
  104  6:59  Robotics Facility  
  92  7:07  Probe  
  92  7:08  Probe x2  
  61  7:10  Zealot  
  61  7:11  Stalker  
  54  7:17  Probe  
  54  7:19  Zealot  
  54  7:20  Probe  
  56  7:27  Adept  
  56  7:28  Zealot  
Show
View Real Time Build Order
Export as new Build Order

Profesora Terran - Winner!

Build Orders:  

Get SALT Encoding   

  12  0:00  SCV  
  13  0:12  SCV  
  14  0:17  Supply Depot  
  14  0:25  SCV  
  15  0:38  SCV  
  15  0:40  Barracks  
  16  0:45  Refinery  
  16  0:50  SCV  
  17  1:02  SCV  
  18  1:15  SCV  
  19  1:27  Orbital Command  
  19  1:28  Barracks Reactor  
  19  1:41  Command Center  
  19  1:55  SCV  
  19  1:57  Barracks  
  20  2:04  Supply Depot  
  20  2:05  Marine  
  20  2:08  Marine  
  21  2:12  SCV  
  23  2:26  SCV, Marine x2  
  26  2:32  Barracks  
  26  2:38  SCV  
  26  2:41  Supply Depot  
  27  2:46  Barracks Tech Lab  
  27  2:49  Marine x2  
  27  2:50  SCV  
  30  2:57  Orbital Command  
  30  3:02  SCV  
  30  3:04  Marine  
  32  3:08  Stimpack  
  32  3:11  Marine  
  33  3:13  Marine  
  33  3:16  SCV  
  33  3:19  Barracks Reactor  
  35  3:24  SCV  
  35  3:27  Marine  
  36  3:28  SCV  
  36  3:33  Supply Depot  
  38  3:34  Marine  
  38  3:35  Marine  
  38  3:36  SCV  
  38  3:41  SCV  
  42  3:49  Marine, Barracks  
  42  3:51  SCV  
  42  3:55  Marine x4  
  46  3:57  SCV  
  49  4:07  Marine, Engineering Bay  
  49  4:08  SCV  
  49  4:09  Engineering Bay  
  51  4:16  Marine x3  
  51  4:17  Marine  
  54  4:19  SCV  
  56  4:24  Marine  
  56  4:27  SCV  
  56  4:28  Supply Depot  
  56  4:29  Supply Depot  
  58  4:34  Marine x2  
  58  4:36  Barracks Reactor  
  60  4:40  Terran Infantry Weapons Level 1  
  60  4:41  Terran Infantry Armor Level 1  
  60  4:45  Marine  
  60  4:46  Marine  
  60  4:47  Combat Shield  
  60  4:49  SCV x2, Marine  
  65  4:55  Marine  
  65  4:56  Marine  
  67  5:02  SCV x2  
  67  5:03  Marine  
  67  5:06  Barracks  
  70  5:07  Supply Depot  
  70  5:10  Marine, Supply Depot  
  70  5:12  Marine  
  70  5:13  Marine  
  70  5:14  SCV x2  
  75  5:15  Marine x2  
  75  5:17  Marine  
  78  5:28  Marine  
  78  5:29  SCV  
  78  5:30  Marine x2  
  78  5:31  Supply Depot  
  78  5:34  Supply Depot  
  82  5:37  Barracks  
  82  5:38  Marine  
  82  5:39  Marine x3  
  86  5:46  Marine  
  86  5:47  Marine  
  86  5:48  Marine  
  89  5:55  Supply Depot  
  89  5:57  Marine x3, Barracks  
  89  5:58  Supply Depot  
  89  5:59  Barracks Reactor  
  92  6:06  Marine x2  
  92  6:07  Marine x2  
  96  6:15  Marine  
  96  6:16  Barracks  
  97  6:19  Supply Depot  
  97  6:20  Marine x2  
  97  6:22  Supply Depot  
  97  6:24  Marine, Barracks Reactor  
  97  6:25  Marine x3  
  103  6:34  Marine  
  103  6:35  Marine x2  
  103  6:38  Marine x2  
  108  6:42  Marine x3  
  108  6:43  Marine  
  108  6:45  Barracks Reactor  
  112  6:52  Marine  
  112  6:53  Marine x2  
  115  6:56  Marine x2  
  115  7:00  Marine x6  
  106  7:06  Marine  
  97  7:10  Marine x3  
  97  7:13  Marine  
  97  7:14  Marine  
  108  7:24  Barracks x2  
Tags
 
Add a new tag
Caveats
  • Supply blocks, unpowered buildings, or Contaminate may cause inaccurate times.
  • Supply counts are checked every 10 seconds.